 Dungeon Crawl Stone Soup version 0.18-a0-844-g9229740 (webtiles) character file.

49 WhatsThis the Charmwright (level 3, 0/25 HPs)
             Began as a High Elf Skald on Dec 19, 2015.
             Slain by a gnoll
             ... wielding a +0 mace
              (6 damage)
             ... on level 1 of the Dungeon.
             The game lasted 00:15:18 (2044 turns).

WhatsThis the Charmwright (High Elf Skald)          Turns: 2044, Time: 00:15:18

Health: 0/25       AC:  2    Str: 11    XL:     3   Next: 53%
Magic:  0/7        EV: 11    Int: 17    God:
Gold:   37         SH:  0    Dex: 14    Spells: 3 memorised, 2 levels left

rFire  . . .     SeeInvis .     a - +0 short sword
rCold  . . .     Gourm    .     b - +1 leather armour
rNeg   . . .     Faith    .     (no shield)
rPois  .         Spirit   .     (no helmet)
rElec  .         Dismiss  .     (no cloak)
rCorr  .         Reflect  .     (no gloves)
SustAt .         Harm     .     (no boots)
MR     .....                    (no amulet)
Stlth  +.........               (no ring)
                                m - -2 ring of protection (curse)

@: shrouded, not resistant to hostile enchantments, very unstealthy
A: no striking features
a: no special abilities


You were on level 1 of the Dungeon.
You were not hungry.

You visited 1 branch of the dungeon, and saw 2 of its levels.

You collected 37 gold pieces.

Inventory:

Hand Weapons
 a - a +0 short sword (weapon)
 n - a +0 short sword
 r - a +0 spear
Missiles
 e - 41 stones (quivered)
 f - 50 bolts
 i - 41 arrows
 l - 8 sling bullets
 q - 6 needles of frenzy
Armour
 b - a +1 leather armour (worn)
Jewellery
 m - a cursed -2 ring of protection (left hand)
Scrolls
 g - a scroll of identify
 k - a scroll of enchant weapon
 o - a scroll of recharging
Books
 c - a book of Battle

   Spells                             Type                      Level
   a - Infusion                       Charms                       1
   b - Shroud of Golubria             Charms/Translocation         2
   c - Song of Slaying                Charms                       2
   d - Spectral Weapon                Hexes/Charms                 3
   e - Regeneration                   Charms/Necromancy            3
Comestibles
 d - 2 bread rations
 h - 3 chunks of flesh
 s - 2 fruits


   Skills:
 + Level 2.6 Fighting
 + Level 2.8 Short Blades
 + Level 1.6 Armour
 + Level 1.2 Dodging
 + Level 0.5 Stealth
 + Level 2.5 Spellcasting
 + Level 4.1 Charms


You had 2 spell levels left.
You knew the following spells:

 Your Spells              Type           Power        Failure   Level  Hunger
a - Infusion              Chrm           ###...       6%          1    #......
b - Shroud of Golubria    Chrm/Tloc      #.........   17%         2    ##.....
c - Song of Slaying       Chrm           ###.....     10%         2    ##.....


Dungeon Overview and Level Annotations

Branches:
Dungeon (2/15)

Altars:
Ashenzari


Message History

The gnoll hits you with a mace.
Your shroud falls apart!
You closely miss the gnoll.
The gnoll is moderately wounded.
The gnoll hits you with a mace.
You hit the gnoll.
The gnoll is severely wounded.
You hit the gnoll.
The gnoll is severely wounded.
The gnoll hits you with a mace.
* * * LOW HITPOINT WARNING * * *
Casting: Shroud of Golubria
Confirm with . or Enter, or press ? or * to list all spells.
Space distorts slightly along a thin shroud covering your body.
You are no longer magically infusing your attacks.
Your shroud bends the gnoll's attack away!
You hit the gnoll but do no damage.
The gnoll is severely wounded.
The gnoll hits you with a mace.
You die...

.....#....# ###### .....##...##
##########.....
.....##....########..........####
.[..................########.....
........##..######### #.####
.####..###..# #####.# ...#..##
##.### #####.....#
#......####...######.....#####
#...............@........########
................g...####.........
.#......###.........######.......
##.##.#....#.#.....###...........
##.##.####......##...#.###...###'
##รท##...###.....####...#
#..>#... ##.##.........#.#
###.#######... ##.###.####...#.##
#....# #... ##.# #.#
#......#####.##.# #...


You could see a gnoll.

Vanquished Creatures
  A gnoll (D:2)
  An adder (D:2)
  3 giant geckos
  A giant cockroach (D:1)
  4 goblins
  6 hobgoblins
  5 kobolds
  A quokka (D:2)
  2 giant newts (D:1)
  5 rats
29 creatures vanquished.

Notes
Turn   | Place    | Note
--------------------------------------------------------------
     0 | D:1      | WhatsThis the High Elf Skald began the quest for the Orb.
     0 | D:1      | Reached XP level 1. HP: 14/14 MP: 4/4
   787 | D:1      | Reached XP level 2. HP: 17/20 MP: 6/6
   800 | D:1      | Reached skill level 1 in Armour
  1160 | D:1      | Learned a level 2 spell: Shroud of Golubria
  1163 | D:1      | Learned a level 2 spell: Song of Slaying
  1171 | D:2      | Reached skill level 4 in Charms
  1346 | D:2      | Reached XP level 3. HP: 16/25 MP: 7/7
  2008 | D:2      | Found a shattered altar of Ashenzari.
  2044 | D:1      | Slain by a gnoll

Vault maps used:
D:1:      dpeg_arrival_simpleton_b, kennysheep_minor_cross
D:2:      nicolae_overflow_crystal_walls, overflow_temple_1_default,
          first_bread, kennysheep_generic_room_13

Action                   || total
-------------------------++-------
Melee: Short sword       ||   123
Throw: Stone             ||    11
 Cast: Infusion          ||     7
       Shroud of Golubri ||     4
  Use: Scroll            ||     3
       Potion            ||     2
 Stab: Sleeping          ||     1
  Eat: Chunk             ||     4
